 Dungeon Crawl Stone Soup version 0.19-a0-1675-gc11f27c (webtiles) character file.

76 Amciq the Shield-Bearer (level 4, 0/40 HPs)
             Began as a Hill Orc Fighter on Sept 23, 2016.
             Was an Initiate of Cheibriados.
             Slain by a crimson imp (3 damage)
             ... summoned by Natasha
             ... on level 2 of the Dungeon.
             The game lasted 00:03:42 (955 turns).

Amciq the Shield-Bearer (Hill Orc Fighter)           Turns: 955, Time: 00:03:43

Health: 0/40       AC:  7    Str: 25    XL:     4   Next: 32%
Magic:  2/5        EV:  8    Int:  9    God:    Cheibriados [......]
Gold:   45         SH: 10    Dex: 11    Spells: 0 memorised, 3 levels left

rFire  . . .     SeeInvis .     a - +0 war axe
rCold  . . .     Gourm    .     b - +0 scale mail
rNeg   . . .     Faith    .     c - +0 shield
rPois  .         Spirit   .     (no helmet)
rElec  .         Dismiss  .     (no cloak)
rCorr  .         Reflect  .     (no gloves)
MR     .....     Harm     .     (no boots)
Stlth  ..........               (no amulet)
                                (no ring)
                                (no ring)

@: mighty, slowed, very slow
A: no striking features
a: Bend Time, Renounce Religion


You were on level 2 of the Dungeon.
You worshipped Cheibriados.
Cheibriados was noncommittal.
You were hungry.

You visited 1 branch of the dungeon, and saw 2 of its levels.

You collected 45 gold pieces.

Inventory:

Hand Weapons
 a - a +0 war axe (weapon)
Armour
 b - a +0 scale mail (worn)
 c - a +0 shield (worn)
Jewellery
 n - an uncursed ring of magical power {unknown}
Scrolls
 e - a scroll of fear {unknown}
 g - 3 scrolls of identify {unknown}
 i - a scroll of amnesia {unknown}
 j - 2 scrolls of teleportation {unknown}
 k - a scroll of magic mapping {unknown}
Potions
 d - a potion of might
 m - a potion of invisibility {unknown}
Comestibles
 f - a bread ration
 h - a meat ration
 l - 9 chunks of flesh
 o - 2 fruits


   Skills:
 * Level 3.8 Fighting
 * Level 3.6 Axes
 * Level 3.8 Armour
 + Level 0.8 Dodging
 * Level 3.9 Shields
 * Level 1.3 Invocations


You had 3 spell levels left.
You didn't know any spells.

Dungeon Overview and Level Annotations

Branches:
Dungeon (2/15)

Altars:
Cheibriados

Annotations:
D:2 Natasha


Message History

* * * LOW HITPOINT WARNING * * *
You block Natasha's attack.
You closely miss Natasha.
Natasha is moderately wounded.
You feel sick. Natasha completely misses you.
Natasha stares at you and mumbles some strange words.
You feel as though you will be slow longer.
You barely miss Natasha.
Natasha is moderately wounded.
Natasha barely misses you.
Natasha casts a spell.
You feel very mighty all of a sudden.
You feel sick.
You are no longer poisoned.
You block Natasha's attack. The crimson imp barely misses you.
Natasha barely misses you.
You hit Natasha.
Natasha is heavily wounded.
You closely miss the crimson imp. The crimson imp hits you.
You die...

###........##.....#
#.................#
#.................#
#.........))....#.##.#
###.............###..#.##
..#.............# ..#..
..#.............## #..#
..##..†####....5.###..######
#..÷...# #.....@.†........#
#.#....# #......h.........#
#(#....+ #######..........#
#.##...# #.......#####
#.....## #..........#
#####.# #............ # #.#
#......###.#. # .# .....#...
# .##..##.###


You could see Natasha and a crimson imp.

Vanquished Creatures
  Natasha (D:2)
  An adder (D:2)
  3 worms (D:2)
  2 dart slugs
  A giant cockroach (D:2)
  6 goblins
  8 hobgoblins
  A kobold (D:2)
  2 bats
  A frilled lizard (D:1)
  3 rats
29 creatures vanquished.

Notes
Turn   | Place    | Note
-------+----------+-------------------------------------------
     0 | D:1      | Amciq the Hill Orc Fighter began the quest for the Orb.
     0 | D:1      | Reached XP level 1. HP: 19/19 MP: 1/1
   175 | D:1      | Reached XP level 2. HP: 27/27 MP: 2/2
   733 | D:2      | Found a snail-covered altar of Cheibriados.
   737 | D:2      | Became a worshipper of Cheibriados the Contemplative
   838 | D:2      | Reached XP level 3. HP: 33/33 MP: 3/3
   876 | D:2      | Noticed Natasha
   883 | D:2      | Killed Natasha
   883 | D:2      | Reached skill level 1 in Invocations
   883 | D:2      | Reached XP level 4. HP: 28/40 MP: 0/4
   935 | D:2      | Noticed Natasha
   954 | D:2      | HP: 2/40 [poisoned by an adder]
   955 | D:2      | Slain by a crimson imp

Vault maps used:
D:1:      onia_arrival_pentagram
D:2:      nicolae_overflow_hidden_temple, cheibriados_altar_1,
          uniq_crazy_yiuf_cottage, uniq_sigmund, uniq_natasha

Skill      XL: |  1  2  3 |
---------------+----------+-----
Axes           | 3 |  3.6
Invocations    | 1 |  1.3
Fighting       | |  3.8
Armour         | |  3.8
Dodging        | |  0.8
Shields        | |  3.9

Action                   |  1- 3 |  4- 6 || total
-------------------------+-------+-------++-------
Melee: War axe           |    57 |    25 ||    82
Invok: Bend Time         |     1 |     1 ||     2
  Use: Potion            |       |     1 ||     1
Armor: Scale mail        |    22 |     5 ||    27
Dodge: Dodged            |    17 |    11 ||    28
Block: Shield            |    22 |    15 ||    37
